 Dungeon Crawl Stone Soup version 0.20-a0-709-gd40821f (webtiles) character file.

304 nono the Ducker (level 6, -10/36 HPs)
             Began as a Kobold Assassin on Feb 21, 2017.
             Killed from afar by Dowan (27 damage)
             ... with a shard of ice
             ... on level 4 of the Dungeon.
             The game lasted 00:08:51 (3430 turns).

nono the Ducker (Kobold Assassin)                   Turns: 3430, Time: 00:08:55

Health: -10/36     AC:  7    Str: 14    XL:     6   Next: 66%
Magic:  6/6        EV: 14    Int: 13    God:
Gold:   154        SH:  7    Dex: 17    Spells: 5/5 levels left

rFire    . . .     SeeInvis .   a - +2 dagger
rCold    . . .     Gourm    .   x - +0 leather armour
rNeg     . . .     Faith    .   r - +0 shield {AC+3}
rPois    .         Spirit   .   (no helmet)
rElec    .         Reflect  .   d - +0 cloak
rCorr    .         Harm     .   (no gloves)
MR       .....                  (no boots)
Stlth    +++.......             (no amulet)
Regen    0.2/turn               (no ring)
MPRegen  0.1/turn               (no ring)

@: mighty, lethally poisoned (-10 -> -22)
A: carnivore 3
a: no special abilities


You were on level 4 of the Dungeon.
You were very full.

You visited 1 branch of the dungeon, and saw 4 of its levels.

You collected 154 gold pieces.

Inventory:

Hand Weapons
 a - a +2 dagger (weapon)
 b - a +0 blowgun
 h - a +0 whip
 y - a +0 falchion of holy wrath
Missiles
 e - 14 poisoned needles
 f - a curare-tipped needle
Armour
 c - a +0 robe
 d - a +0 cloak (worn)
 r - a +0 shield of protection (worn)
 x - a +0 leather armour (worn)
Jewellery
 i - an uncursed ring of magical power
Scrolls
 j - 8 scrolls of identify {unknown}
 l - 2 scrolls of magic mapping {unknown}
 n - a scroll of blinking {unknown}
 o - 2 scrolls of fear {unknown}
 p - 2 scrolls of amnesia {unknown}
 t - a scroll of remove curse {unknown}
 u - a scroll of teleportation {unknown}
Potions
 k - a potion of agility {unknown}
 q - a potion of might
 s - 2 potions of curing
 v - a potion of brilliance {unknown}
 w - a potion of ambrosia {unknown}
 z - 2 potions of resistance {unknown}
Comestibles
 g - a meat ration
 m - 2 royal jellies


   Skills:
 - Level 2.9 Fighting
 - Level 4.5 Short Blades
 - Level 1.2 Maces & Flails
 + Level 3.1 Throwing
 * Level 5.4 Dodging
 - Level 5.3 Stealth


You had 5 spell levels left.
You didn't know any spells.

Dungeon Overview and Level Annotations

Branches:
Dungeon (4/15)
 Temple: D:4-7

Altars:
Vehumet

Annotations:
D:4 Dowan


Innate Abilities, Weirdness & Mutations

You are small and have problems with some larger weapons.
You are carnivorous and can eat meat at any time.


Message History

You are more poisoned.
You hit Dowan.
Dowan is lightly wounded.
You feel sick. Dowan barely misses you. x2
You hit Dowan.
Dowan is lightly wounded.
You feel sick. Dowan barely misses you.
You hit Dowan.
Dowan is moderately wounded.
You feel sick. Dowan closely misses you.
You hit Dowan.
Dowan is heavily wounded.
You feel sick. Dowan hits you but does no damage. Dowan misses you.
You puncture Dowan!
Dowan is almost dead.
You feel sick. Dowan gestures at you while chanting. The shard of ice hits you!
Ouch! That really hurt!
You die...

#........#
#.>......#
#?.......#
#........#
#........#
#........##
#+#......#
+.....†##
#.....e@#
.........#
......$..#
##########


You could see Dowan.

Vanquished Creatures
  Duvessa (D:4)
  2 orc priests (D:3)
  A gnoll (D:1)
  3 adders
  6 dart slugs
  3 leopard geckos
  8 orcs
  A ball python (D:3)
  5 giant cockroaches
  6 goblins
  8 hobgoblins
  9 jackals
  7 kobolds
  2 quokkas (D:3)
  8 bats
  4 frilled lizards
  6 rats
80 creatures vanquished.

Notes
Turn   | Place    | Note
-------+----------+-------------------------------------------
     0 | D:1      | nono the Kobold Assassin began the quest for the Orb.
     0 | D:1      | Reached XP level 1. HP: 12/12 MP: 1/1
   233 | D:1      | Reached XP level 2. HP: 13/18 MP: 2/2
   353 | D:1      | Reached skill level 1 in Maces & Flails
   674 | D:1      | Reached XP level 3. HP: 19/22 MP: 3/3
  1298 | D:1      | Reached XP level 4. HP: 26/27 MP: 4/4
  1652 | D:2      | Found a radiant altar of Vehumet.
  2220 | D:3      | Reached XP level 5. HP: 30/32 MP: 5/5
  3182 | D:3      | Reached XP level 6. HP: 24/36 MP: 6/6
  3377 | D:4      | Noticed Dowan
  3380 | D:4      | Noticed Duvessa
  3381 | D:4      | Noticed an ogre
  3421 | D:4      | Killed Duvessa
  3421 | D:4      | Reached skill level 5 in Dodging
  3430 | D:4      | Killed from afar by Dowan

Vault maps used:
D:1:      dpeg_arrival_refuge, feat_on_display
D:2:      vehumet_crystals
D:4:      nicolae_overflow_crystal_walls, old_standard_altar,
          kiku_gazebo_garden_becter, ashenzari_altar_1, first_bread,
          serial_shops, nicolae_shop_behind_doors, grunt_ministairs_14,
          st_stairs_14, uniq_duvessa, uniq_menkaure

Skill      XL: |  1  2  3  4  5  6 |
---------------+-------------------+-----
Maces & Flails | 1 |  1.2
Dodging        | 2 3 4 5 |  5.4
Short Blades   | 3 4 |  4.5
Throwing       | 3 |  3.1
Fighting       | |  2.9
Stealth        | |  5.3

Action                   |  1- 3 |  4- 6 || total
-------------------------+-------+-------++-------
Melee: Whip              |    88 |       ||    88
       Dagger            |    50 |   223 ||   273
 Fire: Blowgun           |       |    19 ||    19
  Use: Potion            |     1 |     4 ||     5
 Stab: Sleeping          |     2 |    13 ||    15
  Eat: Chunk             |     8 |     7 ||    15
Armor: Robe              |    17 |    37 ||    54
       Leather armour    |       |    19 ||    19
Dodge: Dodged            |    89 |   113 ||   202
Block: Shield            |       |    58 ||    58
